 Dungeon Crawl Stone Soup version 0.32-a0-433-g08bcfe7efd (webtiles) character file.

Game seed: 8726021044548402316

1173 Strat the Cleaver (level 8, -2/70 HPs)
             Began as a Mountain Dwarf Fighter on Feb 22, 2024.
             Was a Believer of Okawaru.
             Slain by an orc warrior
             ... wielding a +0 battleaxe
              (10 damage)
             ... on level 6 of the Dungeon.
             The game lasted 00:10:07 (7037 turns).

Strat the Cleaver (Mountain Dwarf Fighter)          Turns: 7037, Time: 00:10:07

Health: -2/70      AC: 18    Str: 21    XL:     8   Next: 18%
Magic:  6/8        EV:  7    Int:  9    God:    Okawaru [**....]
Gold:   331        SH:  5    Dex:  9    Spells: 7/7 levels left

rFire   . . .        a - +0 war axe
rCold   + . .        c - +0 buckler
rNeg    + . .        C - +0 plate armour {rC+}
rPois   .            s - +0 helmet
rElec   .            (no cloak)
rCorr   .            (no gloves)
SInv    .            y - +1 pair of boots
Will    +....        g - amulet of the acrobat Stlth
                     i - ring of positive energy
HPRegen 0.31/turn    p - ring of willpower
MPRegen 0.11/turn

%: acrobat
@: heroic
A: runic magic, artefact enchanting
a: Renounce Religion, Heroism


You were on level 6 of the Dungeon.
You worshipped Okawaru.
Okawaru was pleased with you.
You visited 1 branch of the dungeon, and saw 7 of its levels.

You collected 331 gold pieces.

Inventory:

Hand Weapons
 a - a +0 war axe (weapon)
Missiles
 A - 4 javelins (quivered)
Armour
 c - a +0 buckler (worn)
 s - a +0 helmet (worn)
 v - a +0 kite shield
 y - a +1 pair of boots (worn)
 C - a +0 plate armour of cold resistance (worn)
Jewellery
 g - an amulet of the acrobat (around neck)
 i - a ring of positive energy (left hand)
 p - a ring of willpower (right hand)
Wands
 B - a wand of mindburst (3)
Scrolls
 d - a scroll of blinking {unknown}
 e - 4 scrolls of amnesia {unknown}
 h - a scroll of teleportation {unknown}
 l - 2 scrolls of noise {unknown}
 n - 3 scrolls of vulnerability {unknown}
 w - 2 scrolls of fog {unknown}
 x - a scroll of revelation {unknown}
Potions
 f - a potion of brilliance
 j - a potion of cancellation
 m - 5 potions of curing
 o - 2 potions of mutation
 q - a potion of haste
 r - a potion of ambrosia
 t - a potion of resistance
 u - a potion of enlightenment {unknown}
 z - a potion of lignification {unknown}


   Skills:
 + Level 6.3(11.3) Fighting
 * Level 9.3(14.3) Axes
 + Level 5.3(10.3) Armour
 - Level 3.2(8.2) Shields


You had 7 spell levels left.
You didn't know any spells.
Your spell library contained the following spells:

 Spells                   Type           Power      Damage    Failure   Level
 Freeze                   Ice            0%         1d3       67%         1
 Blink                    Tloc           0%         N/A       80%         2
 Lesser Beckoning         Tloc           0%         N/A       80%         2
 Momentum Strike          Conj/Tloc      0%         3d8       80%         2
 Frozen Ramparts          Ice            0%         1d1       95%         3
 Hailstorm                Conj/Ice       0%         3d5       95%         3


Dungeon Overview and Level Annotations

Branches:
Dungeon (7/15)
 Temple: D:4-7

Altars:
Hepliaklqana
Okawaru
Qazlal
Wu Jian
Yredelemnul

Shops:
D:1 [


Innate Abilities, Weirdness & Mutations

Your spellcasting is much less encumbered by armour.
You can use scrolls of enchantment on lesser artefacts.


Message History

The orc warrior hits you with a +0 battleaxe.
You hit the orc warrior.
The orc warrior is heavily wounded.
The orc warrior hits you but does no damage.
You barely miss the orc warrior.
The orc warrior is heavily wounded.
The orc warrior hits you with a +0 battleaxe!
* * * LOW HITPOINT WARNING * * *
You barely miss the orc warrior.
The orc warrior is heavily wounded.
The orc warrior hits you with a +0 battleaxe!
* * * LOW HITPOINT WARNING * * *
You closely miss the orc warrior.
The orc warrior is heavily wounded.
The orc warrior hits you with a +0 battleaxe!
* * * LOW HITPOINT WARNING * * *
You closely miss the orc warrior.
The orc warrior is heavily wounded.
The orc warrior hits you with a +0 battleaxe!
* * * LOW HITPOINT WARNING * * *
You barely miss the orc warrior.
The orc warrior is heavily wounded.
The orc warrior hits you with a +0 battleaxe!
* * * LOW HITPOINT WARNING * * *
Unknown command.
Okay, then.
Okay, then.
You gain the combat prowess of a mighty hero.
The orc warrior hits you with a +0 battleaxe.
* * * LOW HITPOINT WARNING * * *
You barely miss the orc warrior.
The orc warrior is heavily wounded.
You block the orc warrior's attack.
You closely miss the orc warrior.
The orc warrior is heavily wounded.
The orc warrior barely misses you.
You hit the orc warrior.
The orc warrior is heavily wounded.
The orc warrior hits you with a +0 battleaxe!
You die...

..#............# #......#
.#####.##.##..############......#
.##.##'##.##....................#
...............#........<.......#
......>........'................#
...............#................#
######.........#..........#######
.....#.........#)[........#
.....#....######@)......[.#
.....#....###..#o[..###'#.#
.....#.........#....#.....#######
.....#.........#....'....#......#
.....#.....###'#....#....#......#
.....#######........#....#......#
.....# #........##...#......#
.<...# #....######...#......#
.....# #....#....#...#......#


You could see an orc warrior.

Vanquished Creatures
  A steam dragon (D:6)
  An ice beast (D:6)
  An orc warrior (D:6)
  An ogre (D:6)
  A centaur (D:6)
  A phantom (D:6)
  A bullfrog (D:6)
  A scorpion (D:4)
  A howler monkey (D:6)
  A bullfrog zombie (D:5)
  2 hounds (D:6)
  A gnoll bouda (D:6)
  A jelly (D:6)
  2 iguanas
  Ijyb (D:5)
  2 orc wizards (D:6)
  4 gnolls (D:6)
  5 adders
  2 ufetubi (D:5)
  An adder zombie (D:5)
  A dart slug (D:5)
  2 ribbon worms (D:2)
  7 orcs
  4 ball pythons
  10 endoplasms
  2 giant cockroaches
  5 goblins
  4 hobgoblins
  3 quokkas
  5 bats
  8 frilled lizards
  4 kobolds
  8 rats
94 creatures vanquished.

Vanquished Creatures (others)
  An orc (D:7)
1 creature vanquished.

Grand Total: 95 creatures vanquished

Notes
Turn   | Place    | Note
-------+----------+-------------------------------------------
     0 | D:1      | Strat the Mountain Dwarf Fighter began the quest for the
                  | Orb.
     0 | D:1      | Reached XP level 1. HP: 19/19 MP: 1/1
    24 | D:1      | Found Zaunn's Antique Armour Shoppe.
   124 | D:1      | Reached skill level 3 in Axes
   209 | D:1      | Reached XP level 2. HP: 24/26 MP: 2/2
   400 | D:1      | Reached skill level 4 in Axes
  1147 | D:2      | Reached XP level 3. HP: 31/31 MP: 3/3
  1433 | D:2      | Found a faded altar of an unknown god.
  1618 | D:2      | Reached skill level 5 in Axes
  1844 | D:3      | Found an iron altar of Okawaru.
  1861 | D:3      | Became a worshipper of Warmaster Okawaru
  2090 | D:3      | Reached XP level 4. HP: 36/38 MP: 4/4
  2361 | D:4      | Noticed a scorpion
  2996 | D:4      | Found a stormy altar of Qazlal.
  3236 | D:4      | Killed a scorpion
  3237 | D:4      | Reached skill level 6 in Axes
  3237 | D:4      | Reached XP level 5. HP: 27/46 MP: 5/5
  3654 | D:5      | Entered Level 5 of the Dungeon
  3924 | D:5      | Noticed Ijyb
  4629 | D:5      | Found an ornate altar of the Wu Jian Council.
  4808 | D:5      | Found a basalt altar of Yredelemnul.
  4989 | D:6      | Noticed an ice beast
  5169 | D:6      | Reached XP level 6. HP: 41/53 MP: 6/6
  5293 | D:6      | Noticed a steam dragon
  5328 | D:6      | Killed a steam dragon
  5328 | D:6      | Reached * piety under Okawaru
  5329 | D:6      | Reached skill level 5 in Fighting
  5329 | D:6      | Reached skill level 7 in Axes
  5641 | D:6      | Reached XP level 7. HP: 57/61 MP: 7/7
  5866 | D:6      | Reached skill level 8 in Axes
  6153 | D:5      | Killed Ijyb
  6257 | D:6      | Found a hazy altar of Hepliaklqana.
  6497 | D:6      | Reached ** piety under Okawaru
  6665 | D:6      | Reached skill level 5 in Armour
  6957 | D:6      | Reached skill level 9 in Axes
  6957 | D:6      | Reached XP level 8. HP: 67/70 MP: 8/8
  7037 | D:6      | Slain by an orc warrior

Illustrated notes

Levels and vault maps discovered:
D:1:      erik_arrival_blinker_ship, layout_basic, serial_shops, shop
D:2:      layout_loops_cross, basic_ecumenical_altar, grunt_ministairs_8,
          amcnicky_mini_rare_corridor_liquid, minmay_misc_feat_room,
          kennysheep_nondescript
D:3:      kennysheep_six_static_rooms, layout_loops_cross,
          nicolae_elyvilon_temple_path, okawaru_gym_becter,
          kennysheep_generic_room_16
D:4:      layout_basic, nicolae_qazlal_eye_of_the_storm
D:5:      layout_basic, nicolae_wu_jian_wuxing_cycle,
          lemuel_zombie_altar_yredelemnul, nicolae_zig_zag_zippers, uniq_ijyb
D:6:      layout_gridville, worldfamousw_hep_ancestral_shrine
D:7:      layout_cave_pools, minmay_temple_entry_sparse_star, kennysheep_boxes

Skill      XL: |  1  2  3  4  5  6  7 |
---------------+----------------------+-----
Axes           | 3 4 5 6 7 9 |  9.3
Fighting       | 4 5 6 |  6.3
Armour         | 4 5 |  5.3
Shields        | |  3.2

Action                     |  1- 3 |  4- 6 |  7- 9 || total
---------------------------+-------+-------+-------++-------
  Melee: War axe           |   156 |   160 |   112 ||   428
 Invoke: Heroism           |       |       |     1 ||     1
    Use: Potion            |       |     5 |       ||     5
         Scroll            |       |     7 |     1 ||     8
 Armour: Scale mail        |    97 |   106 |       ||   203
         Plate armour      |       |    75 |   150 ||   225
  Dodge: Dodged            |    91 |   102 |    49 ||   242
  Block: Buckler           |    26 |    44 |    22 ||    92

Table legend: (Time is in decaauts)
 A = Elapsed time spent in this place.
 B = Non-inter-level travel time spent in this place.
 C = Inter-level travel time spent in this place.
 D = Time resting spent in this place.
 E = Time spent auto-exploring this place.
 F = Levels seen in this place.
 G = Mean time per level.
                   A        B        C        D        E       F      G
               +--------+--------+--------+--------+--------+-----+--------+
         Total |   7115 |   6487 |    628 |   1150 |   3906 |   7 | 1016.4 |
       Dungeon |   7115 |   6487 |    628 |   1150 |   3906 |   7 | 1016.4 |
               +--------+--------+--------+--------+--------+-----+--------+

Top non-repeatable levels by time:
     D:6: 1770 daAuts
     D:5: 1508 daAuts
     D:4: 1344 daAuts
     D:1: 1020 daAuts
     D:2: 860 daAuts
     D:3: 527 daAuts
     D:7: 83 daAuts
